 Dungeon Crawl Stone Soup version 0.26-a0-227-g1af32d979d (webtiles) character file.

Game seed: 14693161857801855131

53780 Conn the Thaumaturge (level 14, -15/94 HPs)
             Began as an Octopode Hedge Wizard on July 7, 2020.
             Was a Priest of Sif Muna.
             Demolished by an ettin
             ... wielding a cursed +0 dire flail
              (38 damage)
             ... on level 1 of the Orcish Mines.
             The game lasted 02:50:30 (24404 turns).

Conn the Thaumaturge (Octopode Hedge Wizard)       Turns: 24404, Time: 02:50:31

Health: -15/94     AC: 10    Str: 11 (14) XL:     14   Next: 70%
Magic:  46/47      EV: 15    Int: 30      God:    Sif Muna [***...]
Gold:   833        SH:  9    Dex: 15 (17) Spells: 6/36 levels left

rFire    . . .     SeeInvis +   a - +5 spear of Reinforcement {protect, rPois rF- rN+ Int+6}
rCold    x . .     Faith    .   C - +0 buckler {reflect}
rNeg     + + .     Spirit   .   y - +2 hat
rPois    +         Reflect  +   Z - amulet of reflection
rElec    +         Harm     .   h - +4 ring of protection
rCorr    .                      n - ring of positive energy
MR       ++...                  W - ring of magical power
Stlth    +++++++...             L - ring "Ozerim" {*Slow Str+3 Int+4 Dex+6 SInv Stlth+}
HPRegen  0.25/turn              M - ring of protection from magic
MPRegen  0.30/turn              Y - ring of fire
                                R - ring of wizardry
                                t - ring of magical power

@: swift, quick
A: almost no armour, stealthy swim, amphibious, 8 rings, constrict 8, thin
metallic scales 1, camouflage 1, deterioration 1, shaggy fur 1, electricity
resistance, gelatinous body 1
a: Channel Magic, Forget Spell, Renounce Religion


You were on level 1 of the Orcish Mines.
You worshipped Sif Muna.
Sif Muna was most pleased with you.
You were not hungry.

You visited 4 branches of the dungeon, and saw 19 of its levels.
You also visited: Volcano.

You collected 1823 gold pieces.
You spent 990 gold pieces at shops.

Inventory:

Hand Weapons
 a - the +5 spear of Reinforcement (weapon) {protect, rPois rF- rN+ Int+6}
   (You found it on level 2 of the Lair of Beasts)

   It grants its wielder temporary protection when it strikes (+7 to AC).
   It affects your intelligence (+6).
   It makes you vulnerable to fire.
   It protects you from poison.
   It protects you from negative energy.
 d - a +0 dagger
 z - the +9 trident of Moet {vorpal, rC++}
   (You found it on level 4 of the Dungeon)

   It inflicts extra damage upon your enemies.
   It greatly protects you from cold.
 T - a +2 dagger of venom
 X - a +5 longbow of freezing
Missiles
 f - 131 sling bullets
 x - 10 poisoned darts (quivered)
 U - 184 arrows
Armour
 e - a +0 kite shield
 y - a +2 hat (worn)
 C - a +0 buckler of reflection (worn)
Magical Staves
 b - an uncursed staff of fire
Jewellery
 h - a +4 ring of protection (left tentacle)
 j - an uncursed amulet of faith
 n - a ring of positive energy (right tentacle)
 t - a ring of magical power (on tentacle)
 E - an uncursed amulet of regeneration
 H - a +4 ring of evasion
 L - the ring "Ozerim" (on tentacle) {*Slow Str+3 Int+4 Dex+6 SInv Stlth+}
   (You took it off an orc on level 8 of the Dungeon)

   [ring of dexterity]

   It affects your strength (+3).
   It affects your intelligence (+4).
   It affects your dexterity (+6).
   It lets you see invisible.
   It may slow you when you take damage.
   It makes you more stealthy.
 M - a ring of protection from magic (on tentacle)
 O - an uncursed ring of magical power
 R - a ring of wizardry (on tentacle)
 W - a ring of magical power (on tentacle)
 Y - a ring of fire (on tentacle)
 Z - an amulet of reflection (around mantle)
Wands
 v - a wand of flame (37)
 A - a wand of iceblast (5)
 F - a wand of random effects (29)
 G - a wand of disintegration (13)
 K - a wand of clouds (17)
 Q - a wand of paralysis (4)
 S - a wand of enslavement (8)
 V - a wand of polymorph (9)
Scrolls
 g - 2 scrolls of teleportation
 l - 6 scrolls of identify
 u - 2 scrolls of fog
 w - 8 scrolls of remove curse
 B - 2 scrolls of amnesia
 J - 2 scrolls of magic mapping
Potions
 i - 2 potions of ambrosia
 k - a potion of heal wounds
 m - 3 potions of mutation
 o - 2 potions of stabbing
 q - a potion of might
 r - a potion of magic
 s - 2 potions of lignification
 D - 2 potions of berserk rage
 I - a potion of cancellation
 N - 2 potions of brilliance
Miscellaneous
 P - a phantom mirror
Comestibles
 c - 19 rations


   Skills:
 + Level 8.0 Fighting
 + Level 1.1 Short Blades
 + Level 8.3 Polearms
 + Level 1.1 Bows
 + Level 4.3 Dodging
 - Level 10.6 Stealth
 * Level 1.3 Shields
 * Level 11.9 Spellcasting
 * Level 9.7 Conjurations
 - Level 1.0 Charms
 + Level 2.9 Summonings
 + Level 6.4 Translocations
 * Level 5.9 Fire Magic
 - Level 4.3 Ice Magic
 - Level 7.1 Air Magic
 - Level 2.0 Earth Magic
 - Level 1.0 Poison Magic
 - Level 6.2 Invocations


You had 6 spell levels left.
You knew the following spells:

 Your Spells              Type           Power        Failure   Level
a - Magic Dart            Conj           ####         1%          1
b - Blink                 Tloc           N/A          1%          2
c - Fireball              Conj/Fire      #######...   1%          5
d - Summon Ice Beast      Ice/Summ       #####...     3%          4
e - Mephitic Cloud        Conj/Pois/Air  ######..     1%          3
f - Airstrike             Air            ######....   1%          4
g - Swiftness             Chrm/Air       #####...     1%          2
h - Stone Arrow           Conj/Erth      ######       1%          3
i - Searing Ray           Conj           ######       1%          2
j - Iskenderun's Mystic   Conj/Tloc      ######..     1%          4

Your spell library contained the following spells:

 Spells                   Type           Power        Failure   Level
 Apportation              Tloc           ######       1%          1
 Corona                   Hex            ###....      1%          1
 Freeze                   Ice            ####         1%          1
 Sandblast                Erth           ####..       1%          1
 Shock                    Conj/Air       ####         1%          1
 Summon Butterflies       Summ           #####...     1%          1
 Summon Small Mammal      Summ           ####         1%          1
 Call Imp                 Summ           #####...     1%          2
 Corpse Rot               Necr/Air       N/A          1%          2
 Passwall                 Tmut/Erth      ###.....     1%          2
 Call Canine Familiar     Summ           #####...     1%          3
 Conjure Flame            Conj/Fire      #######.     1%          3
 Dazzling Flash           Conj/Hex       #####.       1%          3
 Frozen Ramparts          Ice            #####.       1%          3
 Inner Flame              Hex/Fire       ######..     1%          3
 Lesser Beckoning         Tloc           ######....   1%          3
 Ozocubu's Armour         Chrm/Ice       ####....     1%          3
 Portal Projectile        Hex/Tloc       #####.       1%          3
 Static Discharge         Conj/Air       ######..     1%          3
 Hailstorm                Conj/Ice       ######..     1%          4
 Summon Lightning Spire   Summ/Air       #####...     1%          4
 Lightning Bolt           Conj/Air       ######....   1%          5
 Slow                     Hex            ###.....     2%          2
 Sublimation of Blood     Necr           ###.......   2%          2
 Summon Guardian Golem    Hex/Summ       ####....     2%          3
 Fulminant Prism          Conj/Hex       #####.....   2%          4
 Tukima's Dance           Hex            ###.....     4%          3
 Conjure Ball Lightning   Conj/Air       ######....   9%          6
 Leda's Liquefaction      Hex/Erth       ###.......   11%         4
 Petrify                  Tmut/Erth      ###.....     11%         4
 Silence                  Hex/Air        #####.....   11%         5
 Freezing Cloud           Conj/Ice/Air   ######....   14%         6
 Cause Fear               Hex            ###.......   16%         4
 Dispel Undead            Necr           ###.....     16%         4
 Lee's Rapid Deconstruct  Erth           ####......   21%         5
 Iron Shot                Conj/Erth      ######....   22%         6
 Alistair's Intoxication  Tmut/Pois      ###.....     32%         5
 Excruciating Wounds      Chrm/Necr      ###.......   34%         5
 Agony                    Necr           ###.....     41%         5
 Invisibility             Hex            ###.....     91%         6
 Orb of Destruction       Conj           ######....   26%         7
 Lehudib's Crystal Spear  Conj/Erth      ######....   100%        8


Dungeon Overview and Level Annotations

Branches:
Dungeon (10/15)            Temple (1/1) D:4            Lair (6/6) D:9
 Shoals (0/4) Lair:3        Snake (0/4) Lair:3        Slime (0/5) Lair:5
    Orc (2/2) D:10            Elf (0/3) Orc:2       Volcano (visited)

Altars:
Ashenzari
Cheibriados
Dithmenos
Elyvilon
Fedhas
Gozag
Hepliaklqana
Kikubaaqudgha
Makhleb
Okawaru
Qazlal
Sif Muna
Trog
Uskayaw
Vehumet
Wu Jian
Xom
Yredelemnul
The Shining One
Beogh

Shops:
D:5 [((   D:9 :   Orc:2 %=[(

Annotations:
D:3 Sigmund
D:10 1 runed translucent door


Innate Abilities, Weirdness & Mutations

You cannot wear most types of armour.
You are very stealthy in the water. (Stealth+)
You are amphibious.
You can wear up to eight rings at the same time.
You can use your tentacles to constrict eight enemies at once.
Your skin changes colour to match your surroundings (Stealth+).
Your rubbery body absorbs attacks. (AC +1, EV +1)
You are partially covered in thin metallic scales. (AC +2)
Your body sometimes deteriorates upon taking damage.
You are covered in fur. (AC +1)
You are resistant to electric shocks. (rElec)


Message History

Casting: Searing Ray (safe; 1% risk of failure)
Confirm with . or Enter, or press ? or * to list all spells.
You feel quick.
The +5 spear of Reinforcement {protect, rPois rF- rN+ Int+6} goes still.
b - an uncursed staff of fire (weapon)
You feel clever.
The +5 spear of Reinforcement {protect, rPois rF- rN+ Int+6} hums with potential!
a - the +5 spear of Reinforcement (weapon)
{protect, rPois rF- rN+ Int+6} You climb upwards.
The orc warrior hits you with a cursed -1 flail!
The orc barely misses you. The orc hits you with a +0 club.
The orc warrior hits you with a +0 war axe!
The orc warlord roars a battlecry!
The orcs go into a battle-frenzy!
You block the orc's attack.
The ettin hits you with a cursed +0 dire flail!!!
Ouch! That really hurt!
* * * LOW HITPOINT WARNING * * *
The ettin hits you with a +0 dire flail!!!
You die...

... ## ..# #.#
## ## ..##...
##.##. ....^..
#..$.. ..o....
#....#.......
#...oo......
#.o@C......
#.#ooo......
.ooo.......
#.)oo........
#....o.......
#............#
...............
...............


You could see an orc warlord, an ettin, 2 orc warriors, 2 orc wizards and 8
orcs.

Vanquished Creatures
  A fire dragon (Volcano)
  5 hydras
  A merfolk avatar (Lair:6)
  5 orc high priests (Orc:2)
  A sea snake (Lair:6)
  A lindwurm (Volcano)
  7 orc knights (Orc:2)
  3 harpies (Lair:6)
  16 elephants (Lair:6)
  7 black mambas
  A merfolk siren (Lair:3)
  16 cane toads
  4 rime drakes
  6 komodo dragons
  7 polar bears
  2 trolls (Orc:2)
  A hornet (Lair:6)
  17 blink frogs
  Grinder (D:2)
  5 dream sheep (Lair:6)
  4 hippogriffs
  A shadow (D:9)
  4 wyverns
  A fire bat (Volcano)
  4 basilisks
  34 yaks
  3 steam dragons
  A warg (Orc:1)
  15 porcupines
  14 water moccasins
  A hell hound (Volcano)
  44 orc warriors
  An ice beast (D:8)
  2 black bears (D:9)
  2 necrophages
  9 ogres
  A sky beast (D:7)
  A phantom (D:9)
  A wolf (D:9)
  2 centaurs
  9 crocodiles
  10 bullfrogs
  A scorpion (D:9)
  A water moccasin skeleton (D:5)
  6 killer bees
  A howler monkey (D:5)
  An electric eel (Lair:6)
  2 bullfrog zombies
  A quasit (D:6)
  19 jellies
  23 orc priests
  2 centaur skeletons
  5 hounds
  3 iguanas
  21 orc wizards
  2 worker ants
  A hound zombie (D:5)
  2 hound skeletons
  A howler monkey zombie (D:9)
  3 worker ant zombies
  8 gnolls
  A howler monkey skeleton (D:9)
  6 adders
  10 river rats (D:6)
  3 white imps
  3 ufetubi
  7 oozes
  An adder skeleton (D:9)
  3 worms
  2 dart slugs
  6 leopard geckos
  81 orcs
  7 bats
  2 giant cockroaches
  7 hobgoblins
  14 jackals
  7 kobolds
  5 quokkas
  A ball python (D:1)
  4 frilled lizards
  A giant cockroach zombie (D:6)
  11 goblins
  A jackal skeleton (D:5)
  A quokka zombie (D:5)
  21 rats
  A bush (Lair:5)
  2 fungi (Lair:6)
  2 plants
584 creatures vanquished.

Vanquished Creatures (collateral kills)
  An orc knight (Orc:2)
  3 orc warriors (Orc:2)
  A wolf (D:9)
  3 killer bees (D:9)
  A hound (D:4)
  2 orc wizards (D:2)
  A worker ant (D:4)
  A killer bee zombie (D:3)
  3 gnolls (D:2)
  An adder (D:2)
  An adder skeleton (D:4)
  4 orcs
22 creatures vanquished.

Vanquished Creatures (others)
  A fire bat (Volcano)
  2 electric eels (Lair:5)
  15 fungi
  29 plants
47 creatures vanquished.

Grand Total: 653 creatures vanquished

Notes
Turn   | Place    | Note
-------+----------+-------------------------------------------
     0 | D:1      | Conn the Octopode Hedge Wizard began the quest for the Orb.
     0 | D:1      | Reached XP level 1. HP: 11/11 MP: 4/4
   337 | D:1      | Reached XP level 2. HP: 12/17 MP: 6/6
   641 | D:1      | Learned a level 2 spell: Blink
   644 | D:1      | Learned a level 2 spell: Call Imp
   702 | D:1      | Reached XP level 3. HP: 21/21 MP: 4/8
   710 | D:1      | Learned a level 3 spell: Conjure Flame
  1221 | D:2      | Found a shattered altar of Ashenzari.
  1365 | D:2      | Reached XP level 4. HP: 16/27 MP: 1/9
  1369 | D:2      | Reached skill level 4 in Spellcasting
  1735 | D:2      | Reached skill level 1 in Fighting
  1902 | D:2      | Found a snail-covered altar of Cheibriados.
  2037 | D:2      | Reached skill level 1 in Short Blades
  2218 | D:2      | Reached XP level 5. HP: 33/33 MP: 11/11
  2235 | D:3      | Noticed Grinder
  2242 | D:2      | Gained mutation: You are partially covered in thin metallic
                  | scales. (AC +2) [potion of mutation]
  2242 | D:2      | Gained mutation: You are covered in fur. (AC +1) [potion of
                  | mutation]
  2242 | D:2      | Gained mutation: Your body sometimes deteriorates upon
                  | taking damage. [potion of mutation]
  2242 | D:2      | Gained mutation: You are resistant to electric shocks.
                  | (rElec) [potion of mutation]
  2780 | D:3      | Learned a level 3 spell: Mephitic Cloud
  3109 | D:3      | Noticed Sigmund
  3135 | D:4      | Found a staircase to the Ecumenical Temple.
  3140 | Temple   | Entered the Ecumenical Temple
  3144 | Temple   | Became a worshipper of Sif Muna the Loreminder
  3831 | D:4      | Reached XP level 6. HP: 38/38 MP: 8/13
  4026 | D:4      | Reached * piety under Sif Muna
  4283 | D:4      | Got an ichor-stained trident
  4284 | D:4      | Identified the +9 trident of Moet {vorpal, rC++} (You found
                  | it on level 4 of the Dungeon)
  4512 | D:5      | Entered Level 5 of the Dungeon
  4512 | D:5      | Found Gagad's Weapon Emporium.
  4529 | D:5      | Reached skill level 5 in Spellcasting
  4558 | D:5      | Found Zaenarua's Weapon Emporium.
  4566 | D:5      | Reached skill level 1 in Invocations
  4599 | D:5      | Reached XP level 7. HP: 33/44 MP: 14/14
  4694 | D:5      | Reached skill level 1 in Polearms
  4734 | D:5      | Found Duley's Armour Boutique.
  4773 | D:5      | Reached ** piety under Sif Muna
  5339 | D:6      | Found a shimmering altar of Xom.
  5346 | D:6      | Found a shimmering altar of Xom.
  5357 | D:6      | Found a shimmering altar of Xom.
  5357 | D:6      | Found a shimmering altar of Xom.
  5357 | D:6      | Found a shimmering altar of Xom.
  5357 | D:6      | Found a shimmering altar of Xom.
  5377 | D:6      | Reached XP level 8. HP: 50/50 MP: 16/16
  5621 | D:6      | Reached *** piety under Sif Muna
  5647 | D:6      | Reached skill level 5 in Stealth
  6355 | D:7      | Reached skill level 6 in Spellcasting
  6568 | D:7      | Learned a level 4 spell: Airstrike
  6799 | D:7      | Found a burning altar of Makhleb.
  6803 | D:7      | Reached XP level 9. HP: 53/57 MP: 16/18
  7029 | D:7      | Reached skill level 1 in Air Magic
  7184 | D:7      | Reached **** piety under Sif Muna
  7290 | D:8      | Identified the ring "Ozerim" {*Slow Str+3 Int+4 Dex+6 SInv
                  | Stlth+}
  7331 | D:8      | Learned a level 2 spell: Swiftness
  7449 | D:8      | Reached skill level 1 in Charms
  7866 | D:8      | Got a twisted flail
  7867 | D:8      | Identified the +9 flail "Naqihih" {antimagic, rF- Int+6}
                  | (You found it on level 8 of the Dungeon)
  8121 | D:9      | Found Necvul's Book Shop.
  8254 | D:9      | Reached XP level 10. HP: 40/63 MP: 11/19
  8262 | D:9      | Reached ***** piety under Sif Muna
  8451 | D:9      | Found a staircase to the Lair.
  8461 | D:9      | Reached skill level 5 in Invocations
  8512 | D:9      | Learned a level 3 spell: Stone Arrow
  8788 | D:9      | Identified Ixtohaer's Handbook of Dislocated Malediction
                  | (Sif Muna gifted it to you on level 9 of the Dungeon)
  8788 | D:9      | Received a gift from Sif Muna
  8805 | D:9      | Found an opulent altar of Gozag.
  8805 | D:9      | Found a hide-covered altar of Uskayaw.
  8806 | D:9      | Found a blossoming altar of Fedhas.
  8828 | D:9      | Learned a level 2 spell: Searing Ray
  8842 | D:9      | Reached skill level 5 in Polearms
  9153 | D:9      | Reached skill level 5 in Conjurations
  9843 | D:2      | Killed Grinder
  9843 | D:2      | Reached skill level 5 in Fighting
  9843 | D:2      | Reached skill level 1 in Earth Magic
 10112 | Lair:1   | Entered Level 1 of the Lair of Beasts
 10121 | Lair:1   | Noticed a cane toad
 10130 | Lair:1   | Noticed a cane toad
 10240 | Lair:1   | Noticed a black mamba
 10245 | Lair:1   | Killed a black mamba
 10245 | Lair:1   | Reached skill level 7 in Spellcasting
 10245 | Lair:1   | Reached skill level 1 in Poison Magic
 10255 | Lair:1   | Reached XP level 11. HP: 64/71 MP: 16/21
 10259 | Lair:1   | Reached skill level 5 in Translocations
 10259 | Lair:1   | Reached skill level 5 in Air Magic
 10376 | Lair:1   | Found a dark tunnel.
 10379 | Volcano  | Entered a volcano
 10407 | Volcano  | Noticed a fire dragon
 10419 | Volcano  | Killed a fire dragon
 10717 | Volcano  | Noticed a lindwurm
 10728 | Volcano  | Reached skill level 1 in Bows
 10758 | Volcano  | Killed a lindwurm
 11276 | Lair:1   | Reached skill level 8 in Spellcasting
 12872 | Lair:2   | Got a masterwork spear
 12873 | Lair:2   | Identified the +5 spear of Reinforcement {protect, rPois
                  | rF- rN+ Int+6} (You found it on level 2 of the Lair of
                  | Beasts)
 13219 | Lair:3   | Reached XP level 12. HP: 63/78 MP: 24/24
 13304 | Lair:3   | Learned a level 4 spell: Iskenderun's Mystic Blast
 13341 | Lair:3   | Noticed a five-headed hydra
 13356 | Lair:3   | Killed a five-headed hydra
 13507 | Lair:3   | Found a staircase to the Shoals.
 13562 | Lair:3   | Noticed an eight-headed hydra
 13587 | Lair:3   | Noticed a seven-headed hydra
 13949 | Lair:3   | Killed a seven-headed hydra
 13949 | Lair:3   | Reached skill level 9 in Spellcasting
 14167 | Lair:3   | Identified Sif Muna's Grimoire of Conjuration (Sif Muna
                  | gifted it to you on level 3 of the Lair of Beasts)
 14167 | Lair:3   | Received a gift from Sif Muna
 14179 | Lair:3   | Learned a level 5 spell: Fireball
 14572 | Lair:3   | Found a staircase to the Snake Pit.
 14940 | D:10     | Entered Level 10 of the Dungeon
 14986 | D:10     | Found a staircase to the Orcish Mines.
 15515 | D:10     | Found a runed translucent door.
 15515 | D:10     | Noticed a sphinx
 15517 | D:10     | Noticed a war gargoyle
 15517 | D:10     | Noticed a deep elf knight
 15693 | Lair:4   | Noticed a six-headed hydra
 15702 | Lair:4   | Killed a six-headed hydra
 16114 | Lair:4   | Reached skill level 1 in Fire Magic
 17564 | Lair:5   | Found a staircase to the Slime Pits.
 17579 | Lair:5   | Reached XP level 13. HP: 21/86 MP: 9/26
 17948 | Lair:5   | Reached skill level 10 in Spellcasting
 18208 | Lair:5   | Learned a level 4 spell: Summon Ice Beast
 18498 | Lair:6   | Entered Level 6 of the Lair of Beasts
 18736 | Lair:6   | Reached skill level 1 in Ice Magic
 19520 | Lair:6   | Reached skill level 11 in Spellcasting
 19521 | Lair:6   | Received a gift from Sif Muna
 19523 | Lair:6   | Reached skill level 5 in Fire Magic
 19987 | Lair:6   | Reached XP level 14. HP: 93/93 MP: 14/29
 20240 | Lair:6   | Reached skill level 10 in Stealth
 21074 | Orc:1    | Entered Level 1 of the Orcish Mines
 21553 | Orc:2    | Entered Level 2 of the Orcish Mines
 21960 | Orc:2    | Found a roughly hewn altar of Beogh.
 22148 | Orc:2    | Received a gift from Sif Muna
 22159 | Orc:2    | Found a staircase to the Elven Halls.
 23511 | Orc:2    | Identified Sif Muna's Reference Book on the Cloudy
                  | Mountains (Sif Muna gifted it to you on level 2 of the
                  | Orcish Mines)
 23511 | Orc:2    | Received a gift from Sif Muna
 23563 | Orc:2    | Found Niheasip's Weapon Boutique.
 23563 | Orc:2    | Found Vomu's Food Boutique.
 23564 | Orc:2    | Found Hoamnada's Armour Shop.
 23564 | Orc:2    | Found Miqeuh's Jewellery Boutique.
 23576 | Orc:2    | Bought an uncursed ring of fire for 450 gold pieces
 23580 | Orc:2    | Bought an uncursed amulet of reflection for 540 gold pieces
 24098 | Orc:1    | Noticed an orc warlord
 24168 | Orc:2    | Reached skill level 1 in Shields
 24404 | Orc:1    | Demolished by an ettin

Illustrated notes

Levels and vault maps discovered:
D:1:      psy_arrival_radial02, layout_basic
D:2:      layout_loops_ring, evilmike_ruin_ashenzari, cheibriados_altar_1,
          corexii_item_surrounded_by_moat, kennysheep_generic_room_9
D:3:      layout_rooms, uniq_sigmund, uniq_grinder
D:4:      corexii_shantytown, layout_rooms, temple_statues
D:5:      layout_cave_pools, serial_shops, shop, shop, nicolae_shop_crystal,
          first_ration
D:6:      lemuel_ratsnest, layout_basic, xom_redecorated
D:7:      layout_basic, makhleb_heckhound_becter
D:8:      layout_cave_pools, hangedman_little_slice_of_home
D:9:      layout_stronghold, gammafunk_temple_overflow_claw,
          minmay_lair_entry_grove, serial_shops, shop
D:10:     minmay_gate_of_8, layout_gridville
Temple:   nicolae_temple_x_marks_the_god
Lair:1:   layout_regular_city, nicolae_volcano_entry_lava_flow
Lair:2:   layout_loops_ring, grunt_megastairs_4
Lair:3:   layout_cave_pods, minmay_shoals_entry_lonely_mermaid,
          dummy_snake_entry, minivault_24, grunt_megastairs_1
Lair:4:   layout_regular_city
Lair:5:   layout_loops_ring, minmay_slime_entry_jelly_boxes, disabler_island,
          grunt_megastairs_2
Lair:6:   gammafunk_lair_ancient_temple, layout_gridlike, serial_forest,
          infiniplex_forest_corner_2, infiniplex_forest_diagonal,
          infiniplex_forest_clump_small, infiniplex_forest_end_3,
          infiniplex_forest_end_3, fungi_pond_lemuel, columned_hall_lemuel
Orc:1:    layout_caves
Orc:2:    st_orc_pillars, layout_diamond_mine, basic_altar

Skill      XL: |  1  2  3  4  5  6  7  8  9 10 11 12 13 14 |
---------------+-------------------------------------------+-----
Stealth        | 3 4 6 7 8 9 10 | 10.6
Spellcasting   | 4 5 6 7 8 9 11 | 11.9
Fighting       | 1 2 3 5 7 8 |  8.0
Short Blades   | 1 |  1.1
Summonings     | 2 |  2.9
Conjurations   | 2 3 4 5 7 8 9 |  9.7
Invocations    | 1 2 3 4 5 6 |  6.2
Polearms       | 1 3 4 5 6 7 8 |  8.3
Translocations | 3 4 5 6 |  6.4
Air Magic      | 3 4 5 6 7 |  7.1
Charms         | 1 |  1.0
Dodging        | 3 4 |  4.3
Earth Magic    | 2 |  2.0
Poison Magic   | 1 |  1.0
Bows           | 1 |  1.1
Fire Magic     | 2 5 |  5.9
Ice Magic      | 3 4 |  4.3
Shields        | 1 |  1.3

Action                   |  1- 3 |  4- 6 |  7- 9 | 10-12 | 13-15 || total
-------------------------+-------+-------+-------+-------+-------++-------
Melee: Dagger            |    49 |   118 |       |       |       ||   167
       Constrict         |    12 |    32 |    28 |    30 |    80 ||   182
       Tentacles         |     7 |    18 |    21 |    63 |    86 ||   195
       Trident           |       |    11 |   231 |   320 |   383 ||   945
       Spear             |       |       |       |    12 |   103 ||   115
       Staff             |       |       |       |       |     7 ||     7
 Fire: Longbow           |       |       |       |    11 |       ||    11
 Cast: Magic Dart        |    19 |    62 |    23 |    16 |    46 ||   166
       Call Imp          |     4 |    29 |     3 |     2 |       ||    38
       Blink             |       |     1 |     7 |    23 |    31 ||    62
       Mephitic Cloud    |       |       |    14 |    37 |   126 ||   177
       Airstrike         |       |       |       |    27 |    31 ||    58
       Stone Arrow       |       |       |       |    14 |     1 ||    15
       Searing Ray       |       |       |       |    11 |     8 ||    19
       Swiftness         |       |       |       |     1 |     4 ||     5
       Iskenderun's Myst |       |       |       |     8 |    20 ||    28
       Fireball          |       |       |       |     2 |    30 ||    32
       Summon Ice Beast  |       |       |       |       |    15 ||    15
Invok: Channel Magic     |       |       |       |     1 |     6 ||     7
Evoke: Wand              |       |       |       |     2 |     3 ||     5
  Use: Potion            |       |     7 |     2 |     5 |    12 ||    26
       Scroll            |       |       |     6 |    17 |     4 ||    27
 Stab: Sleeping          |    10 |    20 |    15 |    16 |       ||    61
       Confused          |       |       |     5 |    23 |    75 ||   103
       Distracted        |       |       |     1 |       |     1 ||     2
  Eat: Ration            |     1 |     3 |     3 |     8 |     7 ||    22
Armor: Skin              |     3 |    65 |    30 |    40 |    60 ||   198
Dodge: Dodged            |    39 |   106 |   120 |   159 |   244 ||   668
Block: Buckler           |       |       |       |       |    39 ||    39
       Reflection        |       |       |       |       |     3 ||     3

Table legend:
 A = Non-vault XP
 B = Vault XP
 C = Vault XP percentage of total XP
 D = Non-vault monster count
 E = Vault monster count
 F = Vault count percentage of total count
                 A         B        C        D         E       F
            +---------+---------+-------+---------+---------+-------
      Total |   46889 |   29940 |  39.0 |     389 |     215 |  35.6
            +---------+---------+-------+---------+---------+-------
        D:1 |      53 |       0 |   0.0 |      23 |       0 |   0.0
        D:2 |     126 |     258 |  67.2 |      23 |       1 |   4.2
        D:3 |      97 |       0 |   0.0 |      26 |       0 |   0.0
        D:4 |     129 |      81 |  38.6 |       7 |      24 |  77.4
        D:5 |     518 |       0 |   0.0 |      15 |       0 |   0.0
        D:6 |     456 |     363 |  44.3 |      12 |      31 |  72.1
        D:7 |     786 |      45 |   5.4 |      19 |       1 |   5.0
        D:8 |    1505 |     164 |   9.8 |      23 |       8 |  25.8
        D:9 |    1876 |    1558 |  45.4 |      31 |      13 |  29.5
       D:10 |     124 |       0 |   0.0 |       2 |       0 |   0.0
     Lair:1 |    4517 |       0 |   0.0 |      17 |       0 |   0.0
     Lair:2 |    2065 |    1070 |  34.1 |       9 |       6 |  40.0
     Lair:3 |    3790 |    2394 |  38.7 |      15 |       6 |  28.6
     Lair:4 |    4159 |       0 |   0.0 |      16 |       0 |   0.0
     Lair:5 |    4723 |    1224 |  20.6 |      17 |      21 |  55.3
     Lair:6 |   15558 |    9758 |  38.5 |      50 |      24 |  32.4
      Orc:1 |    1479 |       0 |   0.0 |      27 |       0 |   0.0
      Orc:2 |    4928 |   10464 |  68.0 |      57 |      73 |  56.2
    Volcano |       0 |    2561 | 100.0 |       0 |       7 | 100.0
            +---------+---------+-------+---------+---------+-------
